 Dungeon Sprint DCSS version 0.30-a0-451-ge042605de7 (webtiles) character file.

Game seed: 12607321646886372909

1911 rocky1 the Cleaver (level 9, -11/107 HPs)
             Began as an Ogre Gladiator on Dec 12, 2022.
             Was a Priest of Okawaru.
             Killed from afar by a hell hog (43 damage)
             ... with a fireball
             ... in the Dungeon (Sprint VII: "The Pits").
             The game lasted 00:05:29 (1790 turns).

rocky1 the Cleaver (Ogre Gladiator)                 Turns: 1790, Time: 00:05:29

Health: -11/107    AC:  3    Str: 22    XL:     9   Next: 16%
Magic:  15/15      EV: 10    Int: 11    God:    Okawaru [***...]
Gold:   0          SH:  0    Dex: 10    Spells: 8/8 levels left

rFire   . . .      SeeInvis .    w - +1 broad axe (freeze)
rCold   . . .      Faith    .    (no shield)
rNeg    . . .      Spirit   .    b - +0 robe
rPois   .          Reflect  .    c - +0 hat
rElec   .          Harm     .    (no cloak)
rCorr   .          Rampage  .    (gloves unavailable)
Will    .....      NoTele   +    (boots unavailable)
Stlth   +.........               (no amulet)
HPRegen 0.37/turn                (no ring)
MPRegen 0.14/turn                (no ring)

@: mighty, hasted, invisible, very quick
A: large, unfitting armour, tough skin 1
a: Renounce Religion, Heroism


You were in the Dungeon.
You worshipped Okawaru.
Okawaru was most pleased with you.
You visited 1 branch

Inventory:

Hand Weapons
 a - a +2 morningstar of protection
 q - a +0 battleaxe
 w - a +1 broad axe of freezing (weapon)
 x - a +0 lajatang
Missiles
 e - a large rock
 k - 4 curare-tipped darts
 o - 16 poisoned darts (quivered)
 p - 3 throwing nets
Armour
 b - a +0 robe (worn)
 c - a +0 hat (worn)
 v - a +0 cloak
Jewellery
 r - a +3 ring of evasion
 s - a +3 ring of evasion
Wands
 d - a wand of quicksilver (6)
Scrolls
 m - 5 scrolls of amnesia
 n - a scroll of summoning
Potions
 f - 4 potions of curing
 g - 5 potions of heal wounds
 i - 4 potions of magic
 j - 3 potions of berserk rage
 l - a potion of invisibility
 t - a potion of might
 u - 2 potions of mutation


   Skills:
 + Level 12.4 Fighting
 * Level 13.5 Axes
 + Level 9.6 Throwing
 - Level 3.0 Dodging
 + Level 8.1 Invocations


You had 8 spell levels left.
You didn't know any spells.
Your spell library was empty.

Dungeon Overview and Level Annotations

Branches:
Dungeon (1/1)

Altars:
Ashenzari
Cheibriados
Dithmenos
Elyvilon
Fedhas
Gozag
Hepliaklqana
Kikubaaqudgha
Makhleb
Nemelex Xobeh
Okawaru
Qazlal
Ru
Sif Muna
Trog
Uskayaw
Vehumet
Wu Jian
Xom
Yredelemnul
Zin
The Shining One
Jiyva
Lugonu


Innate Abilities, Weirdness & Mutations

You are too large for most types of armour.
You have tough skin. (AC +1)


Message History

You start waiting.
Done waiting.
Okay, then.
As you open the huge gate, it creaks loudly!
There is a huge open gate to the Metal Vault (Medium) here.
There is a huge open gate to the Metal Vault (Medium) here.
You open the gate. 4 hell hogs, a quokka and a deep elf pyromancer come into view.
The hell hog squeals angrily. x2; The deep elf pyromancer shouts!
The hell hog breathes fire at you.
The fireball explodes!
The fireball engulfs you!!
Unknown command.
Okay, then.
Okay, then.
You feel much better. The hell hog breathes fire at you.
The fireball explodes!
The fireball engulfs you!!
The fireball engulfs the hell hog.
The hell hog completely resists.
The hell hog attacks as you move away! The hell hog bites you!
The hell hog breathes fire at you.
The fireball explodes!
The fireball engulfs you!! The hell hog breathes fire at you.
The fireball explodes!
The fireball engulfs you!!
* * * LOW HITPOINT WARNING * * *
You feel much better. The hell hog completely misses you.
You feel yourself speed up. The hell hog breathes fire at you.
The fireball explodes!
The fireball engulfs you!!!
* * * LOW HITPOINT WARNING * * *
The fireball engulfs the hell hog.
The hell hog completely resists.
You feel much better.
The hell hog bites you but does no damage.
You fade into invisibility!
The hell hog bites you!
* * * LOW HITPOINT WARNING * * *
You feel very mighty all of a sudden. The hell hog closely misses you.
The hell hog breathes fire at you.
The fireball explodes!
The fireball engulfs you!!!
You die...

.....'................+
'#####......#..#......#
.#..##................#
.#))#####'#####''######
##))##.......##''#
.#))##.......##..#
.#[[##.......##..#
.#'###...<...##..#
....##.......##h@#
....##.......##hh#
######.......##..h..hh.#
.#..###########..e...r.+
.#)############..'..e..#
.#)#....#..[[##..#....##
.#)#)...#...[##..#..###
.#.'....'..).##..####
.#)#....#...)##..#


You could see 4 hell hogs and a deep elf pyromancer (unable to see you).

Vanquished Creatures
  Sonja (D)
  4 vampire mosquitoes (D)
  A warg (D)
  A floating eye (D)
  Pargi (D)
  An orc warrior (D)
  A wolf (D)
  A centaur (D)
  3 kobold brigands (D)
  2 orc wizards (D)
  A gnoll (D)
  An adder skeleton (D)
  4 orcs (D)
  A giant cockroach (D)
  A goblin (D)
  A hobgoblin (D)
  3 jackals (D)
  3 kobolds (D)
  2 ball python skeletons (D)
  A rat (D)
34 creatures vanquished.

Notes
Turn   | Place    | Note
-------+----------+-------------------------------------------
     0 | D        | rocky1 the Ogre Gladiator began the quest for the Orb.
     0 | D        | Reached XP level 1. HP: 22/22 MP: 1/1
    79 | D        | Found a bloodstained altar of Trog.
    79 | D        | Found a shimmering blue altar of Sif Muna.
    79 | D        | Found a viscous altar of Jiyva.
    79 | D        | Found a hazy altar of Hepliaklqana.
    79 | D        | Found an opulent altar of Gozag.
    80 | D        | Found a glowing golden altar of the Shining One.
    80 | D        | Found a glowing silver altar of Zin.
    80 | D        | Found a basalt altar of Yredelemnul.
    80 | D        | Found a shimmering altar of Xom.
    80 | D        | Found an ornate altar of the Wu Jian Council.
    80 | D        | Found a sacrificial altar of Ru.
    80 | D        | Found a stormy altar of Qazlal.
    80 | D        | Found an iron altar of Okawaru.
    80 | D        | Found a sparkling altar of Nemelex Xobeh.
    80 | D        | Found a burning altar of Makhleb.
    80 | D        | Found a blossoming altar of Fedhas.
    80 | D        | Found a white marble altar of Elyvilon.
    80 | D        | Found a shadowy altar of Dithmenos.
    80 | D        | Found a snail-covered altar of Cheibriados.
    83 | D        | Found a corrupted altar of Lugonu.
    83 | D        | Found a radiant altar of Vehumet.
    84 | D        | Found an ancient bone altar of Kikubaaqudgha.
    84 | D        | Found a hide-covered altar of Uskayaw.
    84 | D        | Found a broken altar of Ashenzari.
    88 | D        | Became a worshipper of Warmaster Okawaru
   108 | D        | Reached skill level 4 in Axes
   108 | D        | Reached XP level 2. HP: 28/31 MP: 2/2
   440 | D        | Noticed a kobold brigand
   447 | D        | Reached XP level 3. HP: 40/40 MP: 3/3
   450 | D        | Killed a kobold brigand
   451 | D        | Reached skill level 6 in Axes
   451 | D        | Reached XP level 4. HP: 50/52 MP: 4/4
   556 | D        | Noticed a floating eye
   565 | D        | Paralysed by a floating eye for 3 turns
   568 | D        | Reached * piety under Okawaru
   573 | D        | Paralysed by a floating eye for 3 turns
   576 | D        | Killed a floating eye
   577 | D        | Reached skill level 8 in Axes
   577 | D        | Reached skill level 5 in Throwing
   577 | D        | Reached XP level 5. HP: 60/63 MP: 5/5
   692 | D        | Noticed a kobold brigand
   692 | D        | Noticed a warg
   692 | D        | Noticed Pargi
   707 | D        | Killed Pargi
   708 | D        | Reached skill level 9 in Axes
   708 | D        | Reached XP level 6. HP: 74/74 MP: 5/7
   712 | D        | Killed a warg
   713 | D        | Reached skill level 10 in Axes
   726 | D        | Reached XP level 7. HP: 23/83 MP: 7/10
   941 | D        | Noticed Sonja
   961 | D        | Killed Sonja
   961 | D        | Reached ** piety under Okawaru
   962 | D        | Reached skill level 12 in Axes
   962 | D        | Reached XP level 8. HP: 27/97 MP: 8/12
  1346 | D        | Reached *** piety under Okawaru
  1362 | D        | Reached skill level 13 in Axes
  1377 | D        | Reached XP level 9. HP: 64/106 MP: 12/14
  1783 | D        | Noticed a hell hog
  1783 | D        | Noticed a hell hog
  1783 | D        | Noticed a hell hog
  1783 | D        | Noticed a hell hog
  1783 | D        | Noticed a deep elf pyromancer
  1790 | D        | Killed from afar by a hell hog

Illustrated notes

Levels and vault maps discovered:
D:        pitsprint [storerooms_1, entrance_room_1, metal_vault_1, armoury_1,
          mini_pit_1, grid_room_1, main_hall_1, silver_pit, the_coven_2,
          the_vestibule_1, steel_vault_5, golden_pit, hallway_of_sentries,
          crystal_vault_1, iron_vault_1, final_vault]

Skill      XL: |  1  2  3  4  5  6  7  8  9 |
---------------+----------------------------+-----
Dodging        | 3 |  3.0
Fighting       | 3 4 6 7 8 9 11 12 | 12.4
Axes           | 4 6 8 9 10 12 13 | 13.5
Throwing       | 3 4 5 6 7 8 9 |  9.6
Invocations    | 2 4 6 7 8 |  8.1

Action                   |  1- 3 |  4- 6 |  7- 9 || total
-------------------------+-------+-------+-------++-------
Melee: War axe           |    41 |    35 |    71 ||   147
       Punch             |     1 |       |     1 ||     2
Throw: Dart              |       |     2 |       ||     2
       Throwing net      |       |       |     3 ||     3
       Large rock        |       |       |     1 ||     1
Invok: Heroism           |       |       |     5 ||     5
  Use: Potion            |     1 |     1 |    13 ||    15
       Scroll            |       |       |     1 ||     1
 Stab: Sleeping          |       |       |     1 ||     1
Armor: Robe              |    13 |    10 |     8 ||    31
Dodge: Dodged            |    19 |    15 |    49 ||    83

Table legend: (Time is in decaauts)
 A = Elapsed time spent in this place.
 B = Non-inter-level travel time spent in this place.
 C = Inter-level travel time spent in this place.
 D = Time resting spent in this place.
 E = Time spent auto-exploring this place.
 F = Levels seen in this place.
 G = Mean time per level.
                   A        B        C        D        E       F      G
               +--------+--------+--------+--------+--------+-----+--------+
         Total |   1813 |   1751 |     62 |   1228 |      0 |   1 | 1813.0 |
       Dungeon |   1813 |   1751 |     62 |   1228 |      0 |   1 | 1813.0 |
               +--------+--------+--------+--------+--------+-----+--------+

Top non-repeatable levels by time:
       D: 1813 daAuts
